[Event "ICC tourney 2533 (25 5)"]
[Site "Internet Chess Club"]
[Date "2021.04.25"]
[Round "8"]
[White "Y OH, JAMES:K09-15146868"]
[Black "MATHIYAZHAGAN, ASHRITH:K09-15357100"]
[Result "1-0"]
[ICCResult "Black resigns"]
[WhiteElo "2034"]
[BlackElo "1581"]
[Opening "Caro-Kann: advance variation"]
[ECO "B12"]
[NIC "CK.02"]
[Time "17:01:01"]
[PlyCount "51"]
[TimeControl "1500+5"]

1. e4 c6 2. d4 d5 3. e5 c5 4. Nf3 Bg4 5. dxc5 e6 6. c3 Bxc5 7. Qa4+ Nc6 8.
Qxg4 Kf8 9. b4 Bb6 10. Bd3 Qc7 11. Bf4 Nge7 12. a4 a6 13. O-O Ng6 14. Bxg6
hxg6 15. Nbd2 Rc8 16. Rac1 Ne7 17. c4 d4 18. c5 Ba7 19. Nc4 Rd8 20. Nd6 Nd5
21. Bg5 Rd7 22. Nxd4 Rh5 23. Nxe6+ fxe6 24. Qxe6 Re7 25. Bxe7+ Qxe7 26.
Qxd5 { Black resigns } 1-0

[Event "ICC tourney 2533 (25 5)"]
[Site "Internet Chess Club"]
[Date "2021.04.25"]
[Round "8"]
[White "SIRAVURI, ARYAN:K09-15570085"]
[Black "R N JOSEPH, CONNOR:K09-17248378"]
[Result "1-0"]
[ICCResult "Black checkmated"]
[WhiteElo "104"]
[BlackElo "918"]
[Opening "Giuoco Piano"]
[ECO "C53"]
[NIC "IG.02"]
[Time "17:01:07"]
[PlyCount "69"]
[TimeControl "1500+5"]

1. e4 e5 2. Nf3 Nc6 3. Bc4 Bc5 4. c3 d6 5. d4 exd4 6. cxd4 Bb4+ 7. Bd2
Bxd2+ 8. Nbxd2 Bg4 9. d5 Nd4 10. Be2 Nxe2 11. Qxe2 Nf6 12. Qb5+ Bd7 13.
Qxb7 O-O 14. O-O Qb8 15. Qxb8 Raxb8 16. b3 Rfe8 17. Rfe1 Rb4 18. Nc4 Rxe4
19. Rxe4 Nxe4 20. Re1 Nc3 21. Re7 h6 22. Rxd7 Nxa2 23. Rxc7 Rxb3 24. h4 Rc3
25. Rxa7 Nb4 26. Nxd6 Nd3 27. Nxf7 Rc1+ 28. Kh2 Nxf2 29. d6 Rh1+ 30. Kg3
Ne4+ 31. Kf4 Nf6 32. Kf5 Rd1 33. Kg6 Rd5 34. Ra8+ Ne8 35. Rxe8# { Black
checkmated } 1-0

[Event "ICC tourney 2533 (25 5)"]
[Site "Internet Chess Club"]
[Date "2021.04.25"]
[Round "8"]
[White "TRAN, NUGEN:K09-16809941"]
[Black "E DUROST, BENJAMIN:K09-17214574"]
[Result "0-1"]
[ICCResult "White resigns"]
[WhiteElo "1350"]
[BlackElo "444"]
[Opening "Budapest defense declined"]
[ECO "A51"]
[NIC "QG.01"]
[Time "17:00:07"]
[PlyCount "122"]
[TimeControl "1500+5"]

1. d4 Nf6 2. c4 e5 3. e3 e4 4. Nc3 c6 5. Qc2 d5 6. cxd5 cxd5 7. Bb5+ Nc6 8.
Nge2 Bd6 9. h3 O-O 10. O-O a6 11. Ba4 Nb4 12. Qd2 Nc6 13. Bb3 Be6 14. Nf4
Na5 15. Nxe6 Nxb3 16. Nxd8 Nxd2 17. Bxd2 Raxd8 18. a3 Rc8 19. Rac1 Rfd8 20.
Na4 Nd7 21. Ba5 Re8 22. Nb6 Nxb6 23. Bxb6 Rc6 24. Rxc6 bxc6 25. Rc1 Rc8 26.
Bc5 Bxc5 27. Rxc5 Kf8 28. Kf1 Ke7 29. Ke2 Kd7 30. Kd2 Rb8 31. b4 Rb5 32.
Kc3 Kc7 33. Rxb5 cxb5 34. Kb3 Kd6 35. a4 Ke6 36. axb5 axb5 37. Kc3 Kf5 38.
Kd2 g5 39. Ke2 h5 40. f3 g4 41. fxe4+ Kxe4 42. Kf2 gxh3 43. gxh3 h4 44. Ke2
f5 45. Kd2 f4 46. exf4 Kxf4 47. Kd3 Kf3 48. Kc3 Ke3 49. Kc2 Kxd4 50. Kd2
Kc4 51. Ke3 Kxb4 52. Kf4 Kc3 53. Kg4 d4 54. Kxh4 d3 55. Kg5 d2 56. h4 d1=Q
57. h5 Qxh5+ 58. Kxh5 b4 59. Kg4 b3 60. Kf3 b2 61. Ke3 b1=Q { White resigns
} 0-1

[Event "ICC tourney 2533 (25 5)"]
[Site "Internet Chess Club"]
[Date "2021.04.25"]
[Round "8"]
[White "ANTONY VETTICAL, DYLAN:K09-16099143"]
[Black "ROSLIK NEVISTICH, LUCAS:K09-16541246"]
[Result "1/2-1/2"]
[ICCResult "Game drawn because neither player has mating material"]
[WhiteElo "1029"]
[BlackElo "234"]
[Opening "Queen's pawn: Charlick (Englund) gambit"]
[ECO "A40"]
[NIC "QO.17"]
[Time "17:01:02"]
[PlyCount "138"]
[TimeControl "1500+5"]

1. d4 e5 2. dxe5 Nc6 3. Nf3 Qe7 4. Nc3 Nxe5 5. Nxe5 Qxe5 6. Bd2 Nf6 7. e3
Bc5 8. Bc4 O-O 9. O-O d6 10. Qe2 Ng4 11. g3 Be6 12. Bxe6 fxe6 13. Qxg4 Rf6
14. Qe4 Qh5 15. Qg2 Raf8 16. Ne4 Rf5 17. Nxc5 Rxc5 18. Rac1 Rcf5 19. e4
R5f6 20. f4 Qf7 21. Rcd1 e5 22. fxe5 Rxf1+ 23. Rxf1 Qe7 24. exd6 Qxd6 25.
a3 Rxf1+ 26. Kxf1 Qf6+ 27. Kg1 Qxb2 28. Bb4 Qd4+ 29. Qf2 Qd1+ 30. Be1 Qd6
31. Bb4 Qe5 32. Qf4 Qd4+ 33. Kg2 h6 34. Qf8+ Kh7 35. Qf5+ Kg8 36. Qf3 Qb2
37. Bc3 Qxa3 38. Be5 Qc5 39. Qc3 Qxc3 40. Bxc3 Kf7 41. Kf3 Ke7 42. Kf4 Kd7
43. Kf5 b5 44. e5 c5 45. Kg6 b4 46. Bb2 c4 47. c3 a5 48. cxb4 axb4 49. Kxg7
c3 50. Bxc3 bxc3 51. Kf7 c2 52. e6+ Kd6 53. e7 c1=Q 54. e8=Q Qc7+ 55. Kf8
Kc5 56. Qe3+ Kd5 57. Qd2+ Ke4 58. Qe2+ Kf5 59. Qf3+ Ke6 60. Qe4+ Kf6 61.
Qh4+ Kg6 62. Qe4+ Kf6 63. Qd4+ Ke6 64. Qg4+ Kf6 65. Qf4+ Qxf4 66. gxf4 Kf5
67. Kg7 Kxf4 68. Kxh6 Kg4 69. h4 Kxh4 { Game drawn because neither player
has mating material } 1/2-1/2

[Event "ICC tourney 2533 (25 5)"]
[Site "Internet Chess Club"]
[Date "2021.04.25"]
[Round "8"]
[White "CATLIN, CHRISTIAN:K09-17355105"]
[Black "LUKOSE, JOYCE:K09-16437195"]
[Result "1-0"]
[ICCResult "Black checkmated"]
[WhiteElo "805"]
[BlackElo "1298"]
[Opening "French defense"]
[ECO "C00"]
[NIC "FR.01"]
[Time "17:00:11"]
[PlyCount "53"]
[TimeControl "1500+5"]

1. e4 e6 2. Nf3 d5 3. exd5 exd5 4. Qe2+ Qe7 5. Qxe7+ Bxe7 6. Nc3 Nf6 7. d4
c5 8. Bg5 Nc6 9. dxc5 Bxc5 10. Bxf6 gxf6 11. Nxd5 f5 12. Nc7+ Kd8 13. Nxa8
Re8+ 14. Be2 f4 15. O-O-O+ Bd7 16. Bb5 Kc8 17. Rhe1 Rg8 18. Ne5 Nxe5 19.
Rxe5 Bxf2 20. Bxd7+ Kb8 21. Re8+ Rxe8 22. Bxe8 Kc8 23. Bxf7 Bh4 24. g3 fxg3
25. hxg3 Bxg3 26. Be6+ Kb8 27. Rd8# { Black checkmated } 1-0

[Event "ICC tourney 2533 (25 5)"]
[Site "Internet Chess Club"]
[Date "2021.04.25"]
[Round "8"]
[White "XIONG, LANG:K09-16344675"]
[Black "DELGADO, RAPHAEL:K09-15177176"]
[Result "1-0"]
[ICCResult "Black resigns"]
[WhiteElo "1786"]
[BlackElo "913"]
[Opening "Queen's pawn game, Darooha variation "]
[ECO "D11"]
[NIC "QP.08"]
[Time "17:02:41"]
[PlyCount "43"]
[TimeControl "1500+5"]

1. d4 d5 2. Nf3 Nf6 3. c4 c6 4. g3 Bd7 5. cxd5 cxd5 6. Nc3 Nc6 7. Bg2 Qc8
8. Ne5 e6 9. f4 Bb4 10. Nxc6 Qxc6 11. Bd2 O-O 12. Rc1 Qb6 13. e3 Rac8 14.
O-O Ng4 15. Qxg4 Rfd8 16. Qd1 g6 17. a3 Bf8 18. b4 Qd6 19. Qb3 Bg7 20. Na4
Bb5 21. Rfe1 Bc4 22. Qb1 { Black resigns } 1-0

[Event "ICC tourney 2533 (25 5)"]
[Site "Internet Chess Club"]
[Date "2021.04.25"]
[Round "8"]
[White "ROLAND MOLNAR, MIHAI:K09-16645268"]
[Black "MERCADO, PATRICIO:K09-16368776"]
[Result "1-0"]
[ICCResult "Black checkmated"]
[WhiteElo "1421"]
[BlackElo "1031"]
[Opening "Caro-Kann: exchange variation"]
[ECO "B13"]
[NIC "CK.02"]
[Time "17:03:46"]
[PlyCount "85"]
[TimeControl "1500+5"]

1. e4 c6 2. d4 d5 3. exd5 cxd5 4. Nf3 Nf6 5. Nc3 Nc6 6. Bb5 Bd7 7. Bg5 e6
8. O-O Be7 9. Re1 O-O 10. h4 a6 11. Bd3 h6 12. Bf4 Nb4 13. Qd2 Nxd3 14.
Qxd3 Bb4 15. Qd2 Ne4 16. Qe3 Qf6 17. a3 Bxc3 18. bxc3 Qg6 19. Ne5 Qf5 20.
Nxd7 Rfd8 21. Ne5 g5 22. hxg5 hxg5 23. Bg3 Kg7 24. Nf3 Rh8 25. Nd2 Qh7 26.
Kf1 Nxg3+ 27. fxg3 Qh1+ 28. Kf2 Qh6 29. Nf3 Qh7 30. Qxg5+ Kf8 31. Qd2 Qf5
32. Re5 Qf6 33. Rb1 b5 34. Qg5 Qxg5 35. Rxg5 Rc8 36. Rb3 Ke7 37. Ne5 Rh1
38. Rg7 Rf8 39. Rb2 Kf6 40. Rg4 Rc8 41. Rf4+ Ke7 42. Rxf7+ Kd6 43. Rd7# {
Black checkmated } 1-0

[Event "ICC tourney 2533 (25 5)"]
[Site "Internet Chess Club"]
[Date "2021.04.25"]
[Round "8"]
[White "E BROADUS, ANDERSON:K09-17254874"]
[Black "EDWARD COOKE, OLIVER:K09-15797018"]
[Result "1-0"]
[ICCResult "Black resigns"]
[WhiteElo "551"]
[BlackElo "964"]
[Opening "Grünfeld: exchange variation"]
[ECO "D85"]
[NIC "GI.03"]
[Time "17:01:01"]
[PlyCount "49"]
[TimeControl "1500+5"]

1. d4 Nf6 2. c4 g6 3. Nc3 d5 4. cxd5 Nxd5 5. Nxd5 Qxd5 6. b3 Bg7 7. Nf3 O-O
8. Bb2 Rd8 9. e3 Bg4 10. Bc4 Bxf3 11. Qxf3 Qa5+ 12. Ke2 c5 13. Qxf7+ Kh8
14. Qxe7 Nc6 15. Qxb7 Nb4 16. Bc3 Rab8 17. Qf3 cxd4 18. exd4 Nc2 19. Qd3
Re8+ 20. Kf1 Qf5 21. Qxf5 gxf5 22. Rc1 Na3 23. Bd5 Rbc8 24. h4 Bxd4 25.
Bxd4+ { Black resigns } 1-0

[Event "ICC tourney 2533 (25 5)"]
[Site "Internet Chess Club"]
[Date "2021.04.25"]
[Round "8"]
[White "CHIEN EN LIM, TIMOTHY:K09-16139198"]
[Black "LEDDY, GRADY:K09-16041431"]
[Result "1-0"]
[ICCResult "Black checkmated"]
[WhiteElo "1846"]
[BlackElo "1091"]
[Opening "Queen's pawn, Mason variation"]
[ECO "D00"]
[NIC "QP.08"]
[Time "17:01:58"]
[PlyCount "53"]
[TimeControl "1500+5"]

1. d4 d5 2. Bf4 Nf6 3. e3 Bf5 4. c4 e6 5. Nc3 Nbd7 6. cxd5 exd5 7. Rc1 Be7
8. Nf3 c6 9. Qb3 Nb6 10. Be2 O-O 11. O-O h6 12. Ne5 Qc8 13. Rfe1 Nbd7 14.
Bf3 Ne4 15. Nxd5 Nxe5 16. Nxe7+ Kh8 17. Nxc8 Raxc8 18. Bxe4 Bxe4 19. Bxe5
Bd5 20. Qd3 Kg8 21. e4 Be6 22. d5 cxd5 23. Rxc8 Rxc8 24. exd5 Bd7 25. Qg3
f6 26. Bxf6 Rf8 27. Qxg7# { Black checkmated } 1-0

[Event "ICC tourney 2533 (25 5)"]
[Site "Internet Chess Club"]
[Date "2021.04.25"]
[Round "8"]
[White "HUANG, BRIAN:K09-15187606"]
[Black "MISHRA, ARYAN:K09-15817708"]
[Result "1-0"]
[ICCResult "Black checkmated"]
[WhiteElo "2017"]
[BlackElo "1356"]
[Opening "Sicilian: Canal-Sokolsky attack, 3...Bd7"]
[ECO "B52"]
[NIC "SI.01"]
[Time "17:00:42"]
[PlyCount "55"]
[TimeControl "1500+5"]

1. e4 c5 2. Nf3 d6 3. Bb5+ Bd7 4. Bxd7+ Nxd7 5. O-O Ngf6 6. Re1 Qc7 7. c3
e6 8. d4 cxd4 9. cxd4 Be7 10. Nc3 O-O 11. Bf4 e5 12. Bg3 Rac8 13. Rc1 Qa5
14. a3 Rfd8 15. Qd2 exd4 16. Qxd4 Nb6 17. Nh4 d5 18. e5 Nh5 19. e6 f6 20.
Nf5 Kf8 21. Qg4 g6 22. Bf4 Nxf4 23. Qxf4 gxf5 24. Qh6+ Kg8 25. Re3 Bf8 26.
Rg3+ Kh8 27. Qxf6+ Bg7 28. Qxg7# { Black checkmated } 1-0

[Event "ICC tourney 2533 (25 5)"]
[Site "Internet Chess Club"]
[Date "2021.04.25"]
[Round "8"]
[White "DANIEL SHIVELY, CAMERON:K09-15556578"]
[Black "SARVASYA, VIKAS:K09-15488033"]
[Result "0-1"]
[ICCResult "White checkmated"]
[WhiteElo "787"]
[BlackElo "1187"]
[Opening "Sicilian"]
[ECO "B50"]
[NIC "SI.01"]
[Time "17:03:33"]
[PlyCount "156"]
[TimeControl "1500+5"]

1. e4 c5 2. Nf3 d6 3. Nc3 a6 4. Bd3 Nf6 5. O-O Nc6 6. b3 Bg4 7. Be2 Bxf3 8.
Bxf3 g6 9. Bb2 Bg7 10. Qe2 O-O 11. d3 e6 12. Na4 b5 13. Nc3 Re8 14. e5 Nxe5
15. Bxa8 Qxa8 16. Ne4 Nxe4 17. dxe4 Nd7 18. Bxg7 Kxg7 19. Rad1 Qc6 20. Rd2
Nf6 21. f3 d5 22. exd5 exd5 23. Qf2 d4 24. Rfd1 Qb6 25. c3 dxc3 26. Rd6 Qa5
27. Qxc5 c2 28. Qxc2 Re1+ 29. Kf2 Rxd1 30. Qxd1 Qxa2+ 31. Qd2 Qxb3 32. Rxa6
Nd5 33. Qd4+ Kh6 34. Qh4+ Kg7 35. Rb6 Qe3+ 36. Kg3 Qxb6 37. Qe4 Qd6+ 38. f4
Qxf4+ 39. Qxf4 Nxf4 40. Kxf4 Kf6 41. Ke4 Kg5 42. Kd5 Kf4 43. Kc5 Ke3 44.
Kxb5 Kf2 45. g4 Kg2 46. h4 Kh3 47. Kc5 Kxg4 48. Kd6 Kxh4 49. Ke5 Kg5 50.
Ke4 Kg4 51. Ke3 Kg3 52. Ke4 h5 53. Ke3 f5 54. Ke2 g5 55. Kf1 Kh2 56. Kf2 g4
57. Kf1 h4 58. Kf2 g3+ 59. Kf1 h3 60. Ke2 Kg2 61. Kd3 f4 62. Ke4 f3 63. Kf4
f2 64. Kg4 f1=Q 65. Kh4 h2 66. Kg4 h1=Q 67. Kg5 Kh2 68. Kh4 g2 69. Kh5 g1=Q
70. Kh6 Kg2+ 71. Kg6 Kf3+ 72. Kf6 Ke2+ 73. Ke6 Qh6+ 74. Ke5 Qgg5+ 75. Kd4
Qff4+ 76. Kc3 Qc6+ 77. Kb2 Qgb5+ 78. Ka3 Qfa4# { White checkmated } 0-1

[Event "ICC tourney 2533 (25 5)"]
[Site "Internet Chess Club"]
[Date "2021.04.25"]
[Round "8"]
[White "MADIRAJU, RISHI:K09-16477316"]
[Black "SAI TUBATI, TARUN:K09-16761313"]
[Result "1-0"]
[ICCResult "Black checkmated"]
[WhiteElo "1496"]
[BlackElo "851"]
[Opening "QGD semi-Slav"]
[ECO "D43"]
[NIC "QP.11"]
[Time "17:02:02"]
[PlyCount "185"]
[TimeControl "1500+5"]

1. Nf3 c6 2. d4 d5 3. c4 e6 4. Nc3 Nf6 5. Bg5 h6 6. Bxf6 Qxf6 7. e3 Bb4 8.
cxd5 exd5 9. Bd3 Bg4 10. a3 Bxf3 11. Qxf3 Qxf3 12. gxf3 Ba5 13. b4 Bb6 14.
Kd2 a5 15. b5 O-O 16. Rhg1 Nd7 17. Rg3 c5 18. dxc5 Nxc5 19. Rag1 Nxd3 20.
Kxd3 g5 21. Kc2 d4 22. exd4 Bxd4 23. Ne4 f5 24. Nxg5 hxg5 25. Rxg5+ Kf7 26.
Rxf5+ Ke7 27. Re1+ Kd6 28. Rh5 Bxf2 29. Rd1+ Ke7 30. Rh7+ Rf7 31. Rxf7+
Kxf7 32. Rd7+ Ke6 33. Rxb7 Rh8 34. Rc7 Rxh2 35. Kd3 Bb6 36. Rc6+ Kd5 37.
Rxb6 Rh3 38. Ke3 Rh7 39. Rb8 Kc5 40. b6 Kc6 41. Ke4 Rh4+ 42. f4 Rh3 43. a4
Ra3 44. f5 Rxa4+ 45. Ke5 Rb4 46. f6 Rb5+ 47. Ke6 Rb1 48. f7 Re1+ 49. Kf6
Rf1+ 50. Kg7 Rg1+ 51. Kf8 a4 52. Ra8 Kxb6 53. Rxa4 Kc6 54. Re4 Kd5 55. Re7
Rh1 56. Ke8 Rh8+ 57. f8=Q Rxf8+ 58. Kxf8 Kd6 59. Kf7 Kd5 60. Re6 Kd4 61.
Ra6 Ke5 62. Rh6 Kd5 63. Ke7 Ke5 64. Rh5+ Kf4 65. Ke6 Kg4 66. Ra5 Kf4 67.
Rb5 Kg4 68. Kf6 Kh4 69. Kg6 Kg4 70. Rb4+ Kf3 71. Kf5 Ke3 72. Ra4 Kd3 73.
Ke5 Kc3 74. Kd5 Kb3 75. Rh4 Kc3 76. Rg4 Kb3 77. Kc5 Ka3 78. Kb5 Kb3 79.
Rg3+ Kb2 80. Kc4 Ka2 81. Kb4 Kb2 82. Rg2+ Kc1 83. Kb3 Kd1 84. Kc3 Ke1 85.
Kd3 Kf1 86. Ra2 Ke1 87. Rh2 Kf1 88. Ke3 Kg1 89. Rb2 Kf1 90. Ra2 Kg1 91. Kf3
Kh1 92. Kg3 Kg1 93. Ra1# { Black checkmated } 1-0

[Event "ICC tourney 2533 (25 5)"]
[Site "Internet Chess Club"]
[Date "2021.04.25"]
[Round "8"]
[White "LIN, SYLVIA:K09-16713708"]
[Black "SURESH, ISAAC:K09-15949243"]
[Result "1-0"]
[ICCResult "Black checkmated"]
[WhiteElo "934"]
[BlackElo "488"]
[Opening "Dutch"]
[ECO "A80"]
[NIC "HD.12"]
[Time "17:01:59"]
[PlyCount "123"]
[TimeControl "1500+5"]

1. d4 f5 2. Nf3 Nf6 3. Bf4 d5 4. e3 g6 5. Bd3 Bg7 6. c3 Ne4 7. O-O O-O 8.
Qb3 Be6 9. Qxb7 Nd7 10. Bxc7 Qc8 11. Qxc8 Raxc8 12. Bf4 Rc6 13. Nbd2 Rb6
14. Rab1 Rc8 15. Bc2 h6 16. Nxe4 dxe4 17. Ne5 Nxe5 18. Bxe5 Bxe5 19. dxe5
Bxa2 20. Rbc1 Rxb2 21. Ba4 Bb3 22. Bxb3+ Rxb3 23. c4 Rb4 24. c5 Rb5 25. c6
Rb6 26. Ra1 Rbxc6 27. Rxa7 Rc1 28. Rxe7 Rxf1+ 29. Kxf1 Rc1+ 30. Ke2 Kf8 31.
Rd7 Rc5 32. e6 Re5 33. Rh7 h5 34. Rf7+ Ke8 35. Rf6 Ke7 36. Rxg6 Rxe6 37.
Rg5 Re5 38. Rxh5 Ke6 39. h3 f4 40. Rh6+ Kf5 41. Rh5+ Ke6 42. Rxe5+ Kxe5 43.
exf4+ Kxf4 44. g3+ Kf5 45. Ke3 Ke5 46. g4 Kd5 47. h4 Ke5 48. h5 Kf6 49.
Kxe4 Kg5 50. f3 Kh4 51. h6 Kg5 52. h7 Kg6 53. h8=Q Kf7 54. g5 Kg6 55. Qg8+
Kh5 56. g6 Kg5 57. g7 Kg6 58. Qf8 Kh6 59. g8=Q+ Kh5 60. Qh8+ Kg5 61. Qhg7+
Kh5 62. Qfh8# { Black checkmated } 1-0

[Event "ICC tourney 2533 (25 5)"]
[Site "Internet Chess Club"]
[Date "2021.04.25"]
[Round "8"]
[White "T TRAN, JAMIE:K09-15367291"]
[Black "HUANG, VINSON:K09-16952520"]
[Result "0-1"]
[ICCResult "White checkmated"]
[WhiteElo "1043"]
[BlackElo "614"]
[Opening "French: advance variation"]
[ECO "C02"]
[NIC "FR.03"]
[Time "17:02:57"]
[PlyCount "62"]
[TimeControl "1500+5"]

1. e4 e6 2. d4 d5 3. e5 c5 4. c3 Qb6 5. Nf3 Nc6 6. Be3 cxd4 7. Nxd4 Nxd4 8.
cxd4 Qxb2 9. Nd2 Bd7 10. Rb1 Qxa2 11. Rxb7 f6 12. exf6 Nxf6 13. Be2 Bd6 14.
O-O O-O 15. Bg5 Rab8 16. Rb3 Ne4 17. Rxb8 Bxb8 18. Nxe4 dxe4 19. Re1 h6 20.
Bh4 Bd6 21. Bh5 Rb8 22. g3 g5 23. Kg2 gxh4 24. Qg4+ Kh8 25. Qg6 Bf8 26.
Qf6+ Bg7 27. Qxh4 Bc6 28. Rc1 e3+ 29. Rxc6 Qxf2+ 30. Kh3 Qf1+ 31. Kg4 Qf5#
{ White checkmated } 0-1

[Event "ICC tourney 2533 (25 5)"]
[Site "Internet Chess Club"]
[Date "2021.04.25"]
[Round "8"]
[White "KONSTANTAKOS, CHRISTOS:K09-17130487"]
[Black "BUCHIREDDY, ARYAN:K09-17330263"]
[Result "1/2-1/2"]
[ICCResult "Game drawn by repetition"]
[WhiteElo "1447"]
[BlackElo "844"]
[Opening "QGD: 3.Nc3"]
[ECO "D31"]
[NIC "QP.08"]
[Time "17:01:21"]
[PlyCount "167"]
[TimeControl "1500+5"]

1. d4 d5 2. c4 e6 3. Nc3 Bb4 4. e3 Nf6 5. Nf3 Ne4 6. Bd2 Nxd2 7. Qxd2 Nc6
8. Be2 Bd7 9. O-O O-O 10. a3 Bxc3 11. bxc3 Re8 12. cxd5 exd5 13. Bd3 Bg4
14. Be2 Na5 15. Qc2 Qf6 16. Ne5 Bxe2 17. Qxe2 Nc6 18. Nxc6 bxc6 19. c4 Qxd4
20. cxd5 Qxd5 21. Rfd1 Qe5 22. Rac1 Qe6 23. Qc2 Rad8 24. Rxd8 Rxd8 25. h3
Rd6 26. e4 h6 27. f4 f6 28. Re1 Rd4 29. Qe2 Qc4 30. Qe3 Qd3 31. Qxd3 Rxd3
32. Rc1 Rd6 33. Kf2 Kf7 34. Ke3 Ke6 35. f5+ Kd7 36. g4 Kc8 37. Rc3 Kb7 38.
Kf4 Rd1 39. Rb3+ Ka6 40. Rb8 Rd7 41. h4 Ka5 42. Ra8 a6 43. g5 fxg5+ 44.
hxg5 hxg5+ 45. Kxg5 c5 46. Rb8 c4 47. Rb1 c3 48. Rc1 Rd3 49. Kg6 Rg3+ 50.
Kf7 Ka4 51. e5 Rf3 52. Kg6 Kb3 53. e6 Rg3+ 54. Kf7 Rf3 55. Kg6 Rg3+ 56. Kf7
Rf3 57. Kg6 Rg3+ 58. Kf7 Rf3 59. Kg6 Rg3+ 60. Kf7 Rf3 61. Kg6 Rg3+ 62. Kf7
Rf3 63. Kg6 Rg3+ 64. Kf7 Rf3 65. Kg6 Rg3+ 66. Kf7 Rf3 67. Kg6 Rg3+ 68. Kf7
Rf3 69. Kg6 Rg3+ 70. Kf7 Rf3 71. Kg6 Rg3+ 72. Kf7 Rf3 73. Kg6 Rg3+ 74. Kf7
Rf3 75. Kg6 Rg3+ 76. Kf7 Rf3 77. Kg6 Rg3+ 78. Kf7 Rf3 79. Kg6 Rg3+ 80. Kf7
Rf3 81. Kg6 Rg3+ 82. Kf7 Rf3 83. Kg6 Rg3+ 84. Kf7 { Game drawn by
repetition } 1/2-1/2

[Event "ICC tourney 2533 (25 5)"]
[Site "Internet Chess Club"]
[Date "2021.04.25"]
[Round "8"]
[White "BOWER, TEDDY:K09-16898513"]
[Black "ISAAC JENKINS, MATTHEW:K09-16814454"]
[Result "1-0"]
[ICCResult "Black resigns"]
[WhiteElo "849"]
[BlackElo "1302"]
[Opening "Ruy Lopez: Berlin defense, 4.O-O, d6"]
[ECO "C66"]
[NIC "RL.02"]
[Time "17:01:55"]
[PlyCount "135"]
[TimeControl "1500+5"]

1. e4 e5 2. Nf3 Nc6 3. Bb5 d6 4. O-O Nf6 5. d3 g6 6. Bg5 Bg7 7. Nc3 Bd7 8.
Bxc6 Bxc6 9. d4 b6 10. d5 Bb7 11. Ne2 Ba6 12. b3 O-O 13. c4 Rc8 14. Nc3 Bb7
15. a4 h6 16. Bxf6 Qxf6 17. Nb5 a6 18. Nc3 c5 19. Qd2 Kh7 20. Rab1 Rh8 21.
Qe2 Kg8 22. b4 cxb4 23. Rxb4 b5 24. axb5 axb5 25. Nxb5 Qe7 26. Rfb1 Ba6 27.
Ra1 Ra8 28. Qa2 Kh7 29. Qc2 Bxb5 30. Rxa8 Rxa8 31. cxb5 Qb7 32. h3 Ra5 33.
Qc6 Qb8 34. b6 Rc5 35. Qd7 f6 36. Qa4 f5 37. b7 fxe4 38. Qa8 Qxa8 39.
bxa8=Q exf3 40. gxf3 h5 41. Qb8 Rxd5 42. Rb6 Rd3 43. Rxd6 Rxd6 44. Qxd6 Kh6
45. f4 exf4 46. Qxf4+ Kh7 47. Qc7 Kh6 48. f4 Bd4+ 49. Kg2 Bg7 50. Qd6 Kh7
51. h4 Kh8 52. Qxg6 Kg8 53. Qxh5 Kf8 54. Qc5+ Kg8 55. Kg3 Kh7 56. f5 Kg8
57. Qd6 Bf8 58. Qe6+ Kg7 59. f6+ Kh8 60. Qe8 Kh7 61. Qxf8 Kg6 62. Qg7+ Kf5
63. f7 Ke6 64. f8=Q Kd5 65. Qge7 Kd4 66. Qfd8+ Kc4 67. Qec7+ Kb4 68. Qdb8+
{ Black resigns } 1-0

[Event "ICC tourney 2533 (25 5)"]
[Site "Internet Chess Club"]
[Date "2021.04.25"]
[Round "8"]
[White "CLEM, THOMAS:K09-15706482"]
[Black "SHAH, ARSH:K09-17096480"]
[Result "1-0"]
[ICCResult "Black resigns"]
[WhiteElo "873"]
[BlackElo "1687"]
[Opening "two knights defense: Bogolyubov variation"]
[ECO "C58"]
[NIC "KP.01"]
[Time "17:04:09"]
[PlyCount "57"]
[TimeControl "1500+5"]

1. e4 e5 2. Nf3 Nc6 3. Bc4 Nf6 4. Ng5 d5 5. exd5 Na5 6. Bb5+ c6 7. dxc6
bxc6 8. Qf3 Bd7 9. Bd3 h6 10. Ne4 Nxe4 11. Bxe4 Bd6 12. d3 O-O 13. g4 Nb7
14. Be3 Nc5 15. Nd2 Rb8 16. b3 Nxe4 17. Nxe4 Qa5+ 18. Kf1 Be7 19. Rg1 Qd5
20. Bxa7 Rb7 21. Be3 f5 22. gxf5 Bxf5 23. a4 Kh7 24. Ke2 Rb4 25. Qg3 Rf7
26. f3 c5 27. a5 Bd8 28. a6 Bb6 29. Nf6+ { Black resigns } 1-0

[Event "ICC tourney 2533 (25 5)"]
[Site "Internet Chess Club"]
[Date "2021.04.25"]
[Round "8"]
[White "SETTY, KRISHNA:K09-17034958"]
[Black "DANIEL VON HOFF, CHRISTOPHER:K09-15127660"]
[Result "0-1"]
[ICCResult "White checkmated"]
[WhiteElo "1109"]
[BlackElo "1529"]
[Opening "Queen's pawn, Mason variation, Steinitz counter-gambit"]
[ECO "D00"]
[NIC "QP.08"]
[Time "17:02:02"]
[PlyCount "144"]
[TimeControl "1500+5"]

1. d4 d5 2. Bf4 c5 3. e3 Nc6 4. c3 Qb6 5. Qc2 Bf5 6. Qc1 c4 7. Nd2 e6 8.
Ngf3 Nf6 9. Be2 h6 10. h3 Be7 11. Nh4 Bh7 12. Nhf3 O-O 13. O-O Rfd8 14. Re1
Bd6 15. Ne5 Ne4 16. Nxe4 Bxe4 17. Qd2 Nxe5 18. Bxe5 Bxe5 19. dxe5 Qc7 20.
Qd4 b5 21. f3 Bh7 22. Qg4 Qxe5 23. Bd1 Qg5 24. Qxg5 hxg5 25. g4 Bd3 26. e4
d4 27. Rc1 dxc3 28. Rxc3 b4 29. Rc1 Rac8 30. Ba4 a5 31. Red1 Be2 32. Rxd8+
Rxd8 33. Bc6 Rd1+ 34. Rxd1 Bxd1 35. e5 c3 36. Be4 c2 37. Bxc2 Bxc2 38. Kf2
f6 39. exf6 gxf6 40. Ke2 Kf7 41. Kd2 Bb1 42. a3 bxa3 43. bxa3 Ba2 44. Kd3
a4 45. Ke3 Bb3 46. Kd3 Kg6 47. Ke3 f5 48. Kd3 fxg4 49. hxg4 Kf6 50. Ke4
Bd5+ 51. Ke3 Ke5 52. Kd3 Bxf3 53. Kc4 Bxg4 54. Kb4 Bd1 55. Kc3 g4 56. Kb4
g3 57. Ka5 g2 58. Kb4 g1=Q 59. Kc3 Qc5+ 60. Kd3 Qxa3+ 61. Kc4 Qb3+ 62. Kc5
a3 63. Kc6 a2 64. Kd7 a1=Q 65. Ke7 Kf5 66. Kf7 Qf6+ 67. Ke8 Qb8+ 68. Kd7
Qbd8+ 69. Kc6 Bf3+ 70. Kc5 Qfd4+ 71. Kb5 Be2+ 72. Kc6 Q4d5# { White
checkmated } 0-1

[Event "ICC tourney 2533 (25 5)"]
[Site "Internet Chess Club"]
[Date "2021.04.25"]
[Round "8"]
[White "NOAH MANDL CIOLEK, SIMON:K09-14759264"]
[Black "T FEDDERSEN, NICHOLAS:K09-17108237"]
[Result "0-1"]
[ICCResult "White checkmated"]
[WhiteElo "1149"]
[BlackElo "682"]
[Opening "Caro-Kann: exchange variation"]
[ECO "B13"]
[NIC "CK.02"]
[Time "17:03:01"]
[PlyCount "72"]
[TimeControl "1500+5"]

1. e4 c6 2. d4 d5 3. exd5 cxd5 4. Nf3 Bg4 5. Be2 Nf6 6. Nc3 e6 7. Bg5 Be7
8. O-O Nbd7 9. h3 Bxf3 10. Bxf3 O-O 11. Ne2 Qb6 12. b3 Qc7 13. Rc1 Rac8 14.
Qd3 Ba3 15. Rcd1 Qxc2 16. Qb5 Qxa2 17. Ra1 Qb2 18. Rfb1 Qc2 19. Bc1 Be7 20.
Qxb7 Rc7 21. Qa6 Rfc8 22. Qa2 Qd1+ 23. Kh2 Bd6+ 24. g3 Rc2 25. Bb2 Qd2 26.
Rd1 Qb4 27. Rac1 Rxc1 28. Rxc1 Rxc1 29. Nxc1 Qe1 30. Kg2 Ne4 31. Nd3 Qd2
32. Bxe4 dxe4 33. Ne5 e3 34. Nxd7 Qxf2+ 35. Kh1 Bxg3 36. Qxa7 Qf1# { White
checkmated } 0-1

[Event "ICC tourney 2533 (25 5)"]
[Site "Internet Chess Club"]
[Date "2021.04.25"]
[Round "8"]
[White "PETERSON, RYAN:K09-14901322"]
[Black "HAN, JOHNNY:K09-15484292"]
[Result "1-0"]
[ICCResult "Black checkmated"]
[WhiteElo "2016"]
[BlackElo "1522"]
[Opening "QGD: 4.Nf3"]
[ECO "D37"]
[NIC "QO.16"]
[Time "17:03:13"]
[PlyCount "59"]
[TimeControl "1500+5"]

1. d4 d5 2. c4 e6 3. Nc3 Nf6 4. Nf3 Nbd7 5. Bf4 c6 6. e3 Nh5 7. Bg5 f6 8.
Bh4 g5 9. Bg3 Nxg3 10. hxg3 Bd6 11. Bd3 Qe7 12. Bg6+ Kd8 13. cxd5 exd5 14.
Qc2 h6 15. Bd3 Nb6 16. O-O-O Be6 17. Kb1 a5 18. e4 dxe4 19. Nxe4 Nd5 20. a3
Qc7 21. Rhe1 b5 22. Nc5 Bxc5 23. dxc5 Bd7 24. Bxb5 Nb4 25. axb4 cxb5 26. c6
Kc8 27. Rxd7 Qb6 28. Rb7 Qa6 29. Qf5+ Kd8 30. Qd7# { Black checkmated } 1-0